 Dungeon Crawl Stone Soup version 0.23.2-40-g277498a001 (webtiles) character file.

Game seed: 2351359618089272776

12 Gildeon the Insei (level 2, 0/18 HPs)
             Began as an Octopode Transmuter on Sept 26, 2019.
             Slain by a gnoll
             ... wielding a +0 halberd
              (18 damage)
             ... on level 1 of the Dungeon.
             The game lasted 00:02:22 (494 turns).

Gildeon the Insei (Octopode Transmuter)              Turns: 494, Time: 00:02:23

Health: 0/18       AC:  1    Str:  9    XL:     2   Next: 33%
Magic:  5/5        EV: 13    Int: 15    God:
Gold:   25         SH:  0    Dex: 12    Spells: 2/5 levels left

rFire    . . .     SeeInvis .     - Unarmed
rCold    . . .     Gourm    .   (no shield)
rNeg     . . .     Faith    .   (helmet restricted)
rPois    .         Spirit   .   (no amulet)
rElec    .         Reflect  .   (no ring)
rCorr    .         Harm     .   (no ring)
MR       .....                  (no ring)
Stlth    +++.......             (no ring)
HPRegen  0.06/turn              (no ring)
MPRegen  0.09/turn              (no ring)
                                (no ring)
                                (no ring)

@: no status effects
A: almost no armour, stealthy swim, amphibious, 8 rings, constrict 8, camouflage
1, gelatinous body 1
a: no special abilities


You were on level 1 of the Dungeon.
You were not hungry.

You visited 1 branch of the dungeon, and saw 1 of its levels.

You collected 25 gold pieces.

Inventory:

Missiles
 a - 12 arrows
Comestibles
 b - 4 chunks of flesh
 c - 2 rations


   Skills:
 + Level 1.1 Fighting
 + Level 2.2 Dodging
 + Level 1.1 Stealth
 + Level 3.1 Unarmed Combat
 + Level 2.1 Spellcasting
 + Level 2.1 Transmutations


You had 2 spell levels left.
You knew the following spells:

 Your Spells              Type           Power        Failure   Level  Hunger
a - Beastly Appendage     Tmut           #.....       9%          1    #......
b - Sticks to Snakes      Tmut           #.......     14%         2    ###....

Your spell library contained the following spells:

 Spells                   Type           Power        Failure   Level  Hunger
 Spider Form              Tmut/Pois      #.........   38%         3    ###....
 Ice Form                 Ice/Tmut       #.......     80%         4    #####..
 Blade Hands              Tmut           #.........   94%         5    ######.


Dungeon Overview and Level Annotations

Branches:
Dungeon (1/15)

Altars:


Innate Abilities, Weirdness & Mutations

You cannot wear most types of armour.
You are very stealthy in the water. (Stealth+)
You are amphibious.
You can wear up to eight rings at the same time.
You can use your tentacles to constrict eight enemies at once.
Your skin changes colour to match your surroundings (Stealth+).
Your rubbery body absorbs attacks. (AC +1, EV +1)


Message History

b - 4 chunks of flesh (gained 2)
You see here a leopard gecko skeleton.
A gnoll comes into view. It is wielding a +0 halberd.
Found a cyan potion.
The helpless gnoll fails to defend itself.
You tentacle-slap the gnoll. Your grab misses the gnoll.
The gnoll is moderately wounded.
The gnoll barely misses you.
You barely miss the gnoll. You grab the gnoll.
The gnoll is moderately wounded.
You constrict the gnoll. The gnoll completely misses you.
You tentacle-slap the gnoll. You squeeze the gnoll.
The gnoll is almost dead.
You constrict the gnoll, but do no damage.
You tentacle-slap the gnoll but do no damage.
The gnoll is almost dead.
You constrict the gnoll, but do no damage.
The gnoll hits you with a +0 halberd!!
Ouch! That really hurt!
You die...

## #. #.#########
#g@.......#
#!###.###.### #. #.
#รท....... ..#
#.###.##...####.###
##...## .... .)... ##.##
.## #..#. #..# # #....
##.# #..#.
#.#######.##########....


You could see a gnoll.

Vanquished Creatures
  A leopard gecko (D:1)
  A giant cockroach (D:1)
  A hobgoblin (D:1)
  A ball python (D:1)
  3 bats (D:1)
  A goblin (D:1)
  2 kobolds (D:1)
  3 rats (D:1)
13 creatures vanquished.

Notes
Turn   | Place    | Note
-------+----------+-------------------------------------------
     0 | D:1      | Gildeon the Octopode Transmuter began the quest for the
                  | Orb.
     0 | D:1      | Reached XP level 1. HP: 13/13 MP: 3/3
   330 | D:1      | Reached XP level 2. HP: 12/18 MP: 5/5
   334 | D:1      | Learned a level 2 spell: Sticks to Snakes
   461 | D:1      | Reached skill level 1 in Stealth
   494 | D:1      | Slain by a gnoll

Skill      XL: |  1  2 |
---------------+-------+-----
Stealth        | 1 |  1.1
Fighting       | |  1.1
Dodging        | |  2.2
Unarmed Combat | |  3.1
Spellcasting   | |  2.1
Transmutations | |  2.1

Action                   || total
-------------------------++-------
Melee: Unarmed           ||    29
       Constrict         ||     7
       Kick              ||     3
       Punch             ||     1
       Tentacles         ||     1
 Cast: Beastly Appendage ||     3
 Stab: Sleeping          ||     6
Armor: Skin              ||     2
Dodge: Dodged            ||    20
